[Event "12th SRB-ch Women 2018"]
[Site "Kragujevac"]
[Date "2018.03.17"]
[Round "1"]
[White "Djukic, Sandra"]
[Black "Chelushkina, Irina"]
[Result "1/2-1/2"]
[ECO "D33"]
[WhiteElo "2174"]
[BlackElo "2261"]
[Annotator "NA RC"]
[PlyCount "87"]
[EventDate "2018.??.??"]
[EventType "tourn"]
[EventCountry "SRB"]
[SourceTitle "playchess.com"]
[Source "ChessBase"]
[SourceQuality "1"]
[TimeControl "40/5400+30:1800+30"]

1. d4 e6 2. c4 d5 3. Nc3 c5 4. cxd5 exd5 5. Nf3 Nc6 6. g3 c4 7. Bg2 Bb4 8. O-O Nge7 9. Ne5 O-O 10. Nxc6 bxc6 11. e4 dxe4 12. Nxe4 Be6 13. Bg5 h6 14. Bd2 Qa5 15. Bxh6 gxh6 16. a3 Kg7 17. axb4 Qxb4 18. Nc5 Bf5 19. g4 Bd3 20. Nxd3 cxd3 21. Qxd3 Rad8 22. Rfd1 c5 23. d5 Qxb2 24. Rxa7 Ng6 25. Qf3 Rd6 26. Rc7 Qc2 27. Qd3 Qxd3 28. Rxd3 Nf4 29. Rd1 Ne6 30. Rc6 Rxc6 31. dxc6 Nd4 32. Kf1 Rc8 33. Rc1 Nxc6 34. Rxc5 Ne7 35. Rxc8 Nxc8 36. f4 Ne7 37. Be4 Nc8 38. Kf2 Nd6 39. Bd3 f6 40. Ke3 Kf7 41. Kd4 Ke7 42. Kd5 Ne8 43. h4 Nd6 44. g5 1/2-1/2

[Event "12th SRB-ch Women 2018"]
[Site "Kragujevac"]
[Date "2018.03.18"]
[Round "2"]
[White "Gajcin, Marina"]
[Black "Eric, Jovana"]
[Result "1/2-1/2"]
[ECO "B06"]
[WhiteElo "2295"]
[BlackElo "2265"]
[Annotator "RC"]
[PlyCount "160"]
[EventDate "2018.??.??"]
[EventType "tourn"]
[EventCountry "SRB"]
[SourceTitle "playchess.com"]
[Source "ChessBase"]
[SourceQuality "1"]
[TimeControl "40/5400+30:1800+30"]

1. e4 g6 2. d4 Bg7 3. Nc3 c6 4. Be3 d5 5. h3 dxe4 6. Nxe4 Nd7 7. Qd2 Ngf6 8. Nc3 O-O 9. Bh6 Bxh6 10. Qxh6 Nb6 11. Nf3 Bf5 12. Qd2 Nbd5 13. Bd3 Bxd3 14. Qxd3 Qa5 15. O-O Nf4 16. Qe3 Qf5 17. Rfe1 g5 18. Qe5 Qxe5 {[%emt 0:32:43] Qxe5 ([%clk 0:08:39]} 19. dxe5 N6d5 20. Nxd5 cxd5 21. Nxg5 Rac8 22. c3 Rc5 23. Rad1 h6 24. Nf3 Rfc8 25. Nd4 e6 26. Kf1 Kf8 27. g3 Ng6 28. Re3 Ke8 29. Ke2 Kd7 30. f4 Ne7 31. g4 Nc6 32. Nxc6 R8xc6 33. h4 Rb6 34. Rd2 Rcb5 35. b4 Ra6 36. h5 Rc6 37. g5 Rc8 38. Rg3 Ke7 39. gxh6 Rh8 40. Kf3 Rxh6 41. Kg4 Rb6 42. Kg5 Rh7 43. h6 Rc6 44. Kh5 Rh8 45. Rdd3 Rc4 46. Rd4 Rc6 47. Rd2 Rc4 48. Rf3 Re4 49. Rg2 Re1 50. Rh3 Rf1 51. Rg4 b5 52. Kg5 Rg8+ 53. Kh4 Rh8 54. Kg3 Rc1 55. Kh2 Kf8 56. Rg2 Rf1 57. a4 bxa4 58. Ra2 Rxf4 59. Rxa4 Kg8 60. Rxa7 Kh7 61. Ra2 Rg8 62. Rg2 Rxg2+ 63. Kxg2 d4 64. Rf3 Rg4+ 65. Kh3 Re4 66. cxd4 Rxd4 67. Rb3 Kxh6 68. b5 Kg5 69. b6 Rd8 70. Kg3 Kf5 71. Rb5 f6 72. Kf3 fxe5 73. Ke3 Kf6 74. Ke4 Rd4+ 75. Ke3 Rd8 76. b7 Rb8 77. Ke4 Ke7 78. Kxe5 Kd7 79. Rb1 Kc7 80. Kxe6 Rxb7 1/2-1/2

[Event "12th SRB-ch Women 2018"]
[Site "Kragujevac"]
[Date "2018.03.19"]
[Round "3"]
[White "Blagojevic, Tijana"]
[Black "Zarkovic, Mila"]
[Result "1/2-1/2"]
[ECO "B40"]
[WhiteElo "2249"]
[BlackElo "2219"]
[Annotator "NA"]
[PlyCount "35"]
[EventDate "2018.??.??"]
[EventType "tourn"]
[EventCountry "SRB"]
[SourceTitle "playchess.com"]
[Source "ChessBase"]
[SourceQuality "1"]
[TimeControl "40/5400+30:1800+30"]

1. e4 c5 2. Nf3 e6 3. d4 cxd4 4. Nxd4 d6 5. g3 Nf6 6. Bg2 Be7 7. O-O O-O 8. Nc3 a6 9. Be3 Nc6 10. f4 Nxd4 11. Bxd4 e5 12. fxe5 dxe5 13. Be3 Be6 14. Qxd8 Raxd8 15. Rad1 Rxd1 16. Rxd1 Rd8 17. Rxd8+ Bxd8 18. Nd5 1/2-1/2

[Event "12th SRB-ch Women 2018"]
[Site "Kragujevac"]
[Date "2018.03.22"]
[Round "6"]
[White "Gajcin, Marina"]
[Black "Milosevic, Jovana"]
[Result "1-0"]
[ECO "C41"]
[WhiteElo "2295"]
[BlackElo "2109"]
[Annotator "RC"]
[PlyCount "71"]
[EventDate "2018.??.??"]
[EventType "tourn"]
[EventCountry "SRB"]
[SourceTitle "playchess.com"]
[Source "ChessBase"]
[SourceQuality "1"]
[TimeControl "40/5400+30:1800+30"]

1. e4 d6 2. d4 Nf6 3. Nc3 e5 4. Nf3 Nbd7 5. Bc4 Be7 6. O-O O-O 7. a4 a5 8. Re1 c6 9. Bf1 Re8 10. b3 Qc7 11. Ba3 Nf8 12. h3 h6 13. Qd2 Be6 14. Rad1 Rad8 15. Qc1 Ng6 16. g3 Bf8 17. Bg2 Qc8 18. Kh2 Qc7 19. Qb2 Nh7 20. Rd2 Be7 21. d5 Bd7 22. Red1 c5 23. Re2 f5 24. exf5 Bxf5 25. Nd2 h5 26. Be4 Qc8 27. Nc4 Bxe4 28. Nxe4 Qc7 29. Qc3 b6 30. Qf3 Nf6 31. Nxf6+ gxf6 32. Qxh5 Kg7 33. Bc1 Rh8 34. Qf5 Rh7 35. Re4 Rdh8 36. Rg4 1-0

[Event "12th SRB-ch Women 2018"]
[Site "Kragujevac"]
[Date "2018.03.22"]
[Round "6"]
[White "Velikic, Adela"]
[Black "Chelushkina, Irina"]
[Result "1-0"]
[ECO "B33"]
[WhiteElo "2293"]
[BlackElo "2261"]
[Annotator "RC"]
[PlyCount "73"]
[EventDate "2018.??.??"]
[EventType "tourn"]
[EventCountry "SRB"]
[SourceTitle "playchess.com"]
[Source "ChessBase"]
[SourceQuality "1"]
[TimeControl "40/5400+30:1800+30"]

1. e4 c5 2. Nf3 Nc6 3. d4 cxd4 4. Nxd4 Nf6 5. Nc3 e5 6. Ndb5 d6 7. Bg5 a6 8. Na3 b5 9. Bxf6 gxf6 10. Nd5 Bg7 11. Bd3 Ne7 12. Nxe7 Qxe7 13. c4 f5 14. O-O O-O 15. Qf3 d5 16. cxd5 f4 17. Nb1 Rb8 18. Nd2 Rb6 19. Rfc1 Rg6 20. Bf1 Rd8 21. Qa3 Qxa3 22. bxa3 Bf8 23. a4 Bd7 24. Rab1 Ba3 25. Rc3 b4 26. Rc7 Bxa4 27. Nc4 f3 28. g3 Bc2 29. Nxa3 Bxb1 30. Nxb1 Rb6 31. Nd2 Rdb8 32. Nxf3 f6 33. Nd2 a5 34. Ra7 Rc8 35. Bc4 Rc5 36. d6+ Kf8 37. Ra8+ 1-0

[Event "12th SRB-ch Women 2018"]
[Site "Kragujevac"]
[Date "2018.03.22"]
[Round "6"]
[White "Eric, Jovana"]
[Black "Benderac, Ana"]
[Result "1-0"]
[ECO "B06"]
[WhiteElo "2265"]
[BlackElo "2226"]
[Annotator "RC"]
[PlyCount "71"]
[EventDate "2018.??.??"]
[EventType "tourn"]
[EventCountry "SRB"]
[SourceTitle "playchess.com"]
[Source "ChessBase"]
[SourceQuality "1"]
[TimeControl "40/5400+30:1800+30"]

1. e4 g6 2. d4 Bg7 3. Nc3 c6 4. Nf3 d5 5. h3 dxe4 6. Nxe4 Nd7 7. Bc4 Ngf6 8. Nxf6+ Nxf6 9. O-O O-O 10. Bf4 Nd5 11. Bg3 h6 12. Bb3 a5 13. c4 Nb6 14. a3 Be6 15. Qe2 a4 16. Ba2 Ra5 17. Rfd1 Rh5 18. Rac1 Bf6 19. Ne5 Bxe5 20. Bxe5 Nd7 21. Bh2 Nf6 22. Rc3 b5 23. d5 cxd5 24. cxb5 d4 25. Bxe6 dxc3 26. Rxd8 Rxd8 27. bxc3 Rxb5 28. Be5 Rxe5 29. Qxe5 fxe6 30. Qxe6+ Kf8 31. c4 Rd6 32. Qc8+ Kf7 33. Qa8 Rd4 34. Qxa4 Ke6 35. Qb3 Ne4 36. Qe3 1-0

[Event "12th SRB-ch Women 2018"]
[Site "Kragujevac"]
[Date "2018.03.22"]
[Round "6"]
[White "Zarkovic, Mila"]
[Black "Injac, Teodora"]
[Result "1/2-1/2"]
[ECO "C12"]
[WhiteElo "2219"]
[BlackElo "2291"]
[Annotator "RC"]
[PlyCount "84"]
[EventDate "2018.??.??"]
[EventType "tourn"]
[EventCountry "SRB"]
[SourceTitle "playchess.com"]
[Source "ChessBase"]
[SourceQuality "1"]
[TimeControl "40/5400+30:1800+30"]

1. e4 e6 2. d4 d5 3. Nc3 Nf6 4. Bg5 Bb4 5. exd5 Qxd5 6. Bxf6 gxf6 7. Nge2 Nc6 8. Qd3 Bd7 9. O-O-O Qa5 10. a3 Be7 11. f4 O-O-O 12. g3 f5 13. Bg2 Bf6 14. Qc4 Ne7 15. Kb1 Kb8 16. Nc1 Qb6 17. Nb3 c6 18. Rhe1 h5 19. Nc5 Bc8 20. Re3 Ka8 21. N5a4 Qa5 22. Red3 Kb8 23. Nc5 Nd5 24. Ne2 b6 25. Nb3 Qa6 26. Bxd5 cxd5 27. Qb4 Qb7 28. Ng1 a5 29. Qe1 a4 30. Nc1 Bd7 31. Nf3 Bb5 32. Rc3 Rhg8 33. Ne5 h4 34. Na2 hxg3 35. hxg3 Rh8 36. Nb4 Ka8 37. Qe3 Rh2 38. Rd2 Rh1+ 39. Ka2 Rdh8 40. Nbd3 Rf1 41. Nf2 Rh2 42. b3 Bg7 1/2-1/2

[Event "12th SRB-ch Women 2018"]
[Site "Kragujevac"]
[Date "2018.03.24"]
[Round "8"]
[White "Velikic, Adela"]
[Black "Zarkovic, Mila"]
[Result "0-1"]
[ECO "C41"]
[WhiteElo "2293"]
[BlackElo "2219"]
[Annotator "ChessBase"]
[PlyCount "90"]
[EventDate "2018.??.??"]
[EventType "tourn"]
[EventCountry "SRB"]
[SourceTitle "playchess.com"]
[Source "ChessBase"]
[SourceQuality "1"]
[TimeControl "40/5400+30:1800+30"]

1. e4 d6 2. d4 Nf6 3. Nc3 e5 4. Nf3 Nbd7 5. Bc4 Be7 6. a4 O-O 7. O-O a6 8. a5 exd4 9. Nxd4 Ne5 10. Be2 c5 11. Nf3 Nc6 12. Bf4 Nxa5 13. Nd5 Nxd5 14. exd5 Bf6 15. Ra2 Bg4 16. Qd2 b6 17. b4 cxb4 18. Qxb4 Re8 19. Be3 Bxf3 20. Bxf3 Rb8 21. Rb1 Qc7 22. Be2 Bc3 23. Qh4 b5 24. Bd3 g6 25. Ra3 Bg7 26. Bd2 Nc4 27. Bxc4 bxc4 28. Rxb8 Rxb8 29. h3 Qc5 30. Rxa6 Qxd5 31. Bf4 Be5 32. Kh2 Qe4 33. g3 Qxc2 34. Be3 c3 35. Qc4 Qf5 36. Qc7 Rc8 37. Qb7 c2 38. Rc6 Rxc6 39. Qxc6 Kg7 40. Kg2 Qd3 41. h4 Bb2 42. h5 Qxe3 43. fxe3 c1=Q 44. Qxd6 Qxe3 45. hxg6 Be5 0-1

[Event "12th SRB-ch Women 2018"]
[Site "Kragujevac"]
[Date "2018.03.24"]
[Round "8"]
[White "Eric, Jovana"]
[Black "Injac, Teodora"]
[Result "1/2-1/2"]
[ECO "C07"]
[WhiteElo "2265"]
[BlackElo "2291"]
[Annotator "NA"]
[PlyCount "72"]
[EventDate "2018.??.??"]
[EventType "tourn"]
[EventCountry "SRB"]
[SourceTitle "playchess.com"]
[Source "ChessBase"]
[SourceQuality "1"]
[TimeControl "40/5400+30:1800+30"]

1. e4 e6 2. d4 d5 3. Nd2 c5 4. exd5 Qxd5 5. Ngf3 cxd4 6. Bc4 Qd6 7. O-O Nf6 8. Nb3 Nc6 9. Re1 Be7 10. Nbxd4 Nxd4 11. Nxd4 a6 12. Bd3 {[%emt 0:06:36] C07: French Tarrasch: 3...c5, 4 Ngf3 and 4 exd5 Qxd5} (12. c3 Qc7 13. Bb3 O-O 14. Qf3 Bd6 15. Qh3 e5 16. Nf5 g6 17. Qh4 Bxf5 18. Qxf6 e4 19. Qh4 Rfe8 {½-½ (141) Sardana,R (2402)-Deepan Chakkravarthy,J (2475) New Delhi 2018}) 12... O-O 13. c3 b5 $146 ({Predecessor:} 13... Rd8 14. Bc2 Qc7 15. Bg5 h6 16. Bh4 e5 17. Qd3 g6 18. Bb3 Kg7 19. Qe2 {1-0 (61) Krakovsky,P (1991)-Weiss,L (2010) ICCF email 2005}) 14. a4 b4 15. Qf3 Qd5 16. Qxd5 Nxd5 17. c4 Nf6 18. Bf4 Bb7 19. Nf5 Bc5 20. Bd6 Bxd6 21. Nxd6 Bc6 22. c5 Nd7 23. Be4 Bxe4 24. Nxe4 Rac8 25. Rac1 Rc7 26. b3 Rfc8 27. Rc4 Ne5 28. Rd4 Nc6 29. Rd6 Na5 30. Rxa6 Nxb3 31. Rb6 Nxc5 32. Nxc5 Rxc5 33. Rxb4 g6 34. h4 Ra5 $11 35. g3 Kg7 36. Ree4 Rca8 1/2-1/2

[Event "12th SRB-ch Women 2018"]
[Site "Kragujevac"]
[Date "2018.03.24"]
[Round "8"]
[White "Blagojevic, Tijana"]
[Black "Benderac, Ana"]
[Result "1-0"]
[ECO "C47"]
[WhiteElo "2249"]
[BlackElo "2226"]
[Annotator "NA"]
[PlyCount "87"]
[EventDate "2018.??.??"]
[EventType "tourn"]
[EventCountry "SRB"]
[SourceTitle "playchess.com"]
[Source "ChessBase"]
[SourceQuality "1"]
[TimeControl "40/5400+30:1800+30"]

1. e4 e5 2. Nf3 Nc6 3. Nc3 Nf6 4. d4 exd4 5. Nxd4 Bb4 6. Nxc6 bxc6 7. Bd3 d5 8. exd5 cxd5 9. O-O O-O 10. h3 {[%emt 0:00:09] C47: Scotch Four Knights and Four Knights with 4 g3} (10. Bg5 c6 11. Na4 h6 12. Bh4 Re8 13. c4 dxc4 14. Bxc4 Qxd1 15. Rfxd1 g5 16. Bg3 Ne4 17. a3 Bf8 18. Rac1 Nxg3 19. hxg3 Rb8 20. b4 Bf5 21. Bd3 Bxd3 22. Rxd3 {½-½ (36) Artemiev,V (2691)-Carlsen,M (2837) Riadh 2017}) 10... Re8 11. Qf3 c6 12. Bf4 Be6 13. Ne2 Bd6 14. Rfe1 Rb8 15. b3 c5 16. Bxd6 Qxd6 17. Rad1 Qc7 18. c3 $146 Bd7 19. Ng3 Re5 20. Rxe5 Qxe5 21. Qe3 Qc7 22. Be2 Re8 23. Qd2 a5 24. Bf3 Be6 25. Ne2 Rd8 26. Nf4 Kf8 27. Re1 Rd6 28. Re5 Rb6 ({Black should play} 28... c4 $14) 29. Qe3 Rd6 30. Rxe6 fxe6 31. Nxe6+ Rxe6 32. Qxe6 d4 33. Qc4 Qe5 34. cxd4 cxd4 35. Kf1 Nd7 36. Qd5 Qf4 (36... Qxd5 $142 37. Bxd5 Ke7) 37. g3 ({Weaker is} 37. Qxd7 Qc1+ 38. Ke2 Qc2+ 39. Ke1 Qc3+ 40. Kd1 Qd3+ 41. Ke1 Qc3+ 42. Kf1 Qc1+ 43. Ke2 Qc2+ 44. Ke1 Qc3+ $11) 37... Qf7 38. Qxd4 Qxf3 39. Qxd7 $18 Qh1+ 40. Ke2 Qe4+ 41. Kd2 Qe5 42. Qc8+ Kf7 43. Qc4+ Kg6 44. Qg4+ 1-0

[Event "12th SRB-ch Women 2018"]
[Site "Kragujevac"]
[Date "2018.03.24"]
[Round "8"]
[White "Djukic, Sandra"]
[Black "Milosevic, Jovana"]
[Result "1/2-1/2"]
[ECO "D43"]
[WhiteElo "2174"]
[BlackElo "2109"]
[Annotator "RC"]
[PlyCount "187"]
[EventDate "2018.??.??"]
[EventType "tourn"]
[EventCountry "SRB"]
[SourceTitle "playchess.com"]
[Source "ChessBase"]
[SourceQuality "1"]
[TimeControl "40/5400+30:1800+30"]

1. d4 d5 2. c4 e6 3. Nc3 Nf6 4. Nf3 c6 5. Qb3 Nbd7 6. Bg5 Be7 7. e3 O-O 8. Qc2 h6 9. Bh4 dxc4 10. Bxc4 b5 11. Be2 Bb7 12. O-O Rc8 13. Rfd1 b4 14. Na4 c5 15. dxc5 Ne4 16. Ne5 Bxh4 17. Rxd7 Bxf2+ 18. Kf1 Qf6 19. Bf3 Ba6+ 20. Nc4 Nxc5 21. Nxc5 Rxc5 22. Qxf2 Rxc4 23. Kg1 Rfc8 24. Rad1 R4c7 25. Rxc7 Rxc7 26. Qd2 Bb7 27. Bxb7 Rxb7 28. Rc1 Kh7 29. h3 Qf5 30. Qd4 e5 31. Qd5 Rd7 32. Qc6 Qd3 33. Qf3 Rd6 34. Kh1 Rf6 35. Qg3 Qd2 36. Rb1 Qc2 37. Qe1 Rf2 38. Rc1 Qxb2 39. Rb1 Qd2 40. Qxd2 Rxd2 41. Rxb4 Rxa2 42. e4 Kg6 43. Kh2 f5 44. exf5+ Kxf5 45. Kg3 Ra3+ 46. Kf2 h5 47. h4 a5 48. Rb8 a4 49. Rf8+ Ke4 50. Rf7 Ra1 51. Rxg7 a3 52. Ra7 Ra2+ 53. Kg3 Ke3 54. Kh3 Ra1 55. g4 a2 56. Kg2 hxg4 57. h5 Kf4 58. h6 Rd1 59. h7 Rd2+ 60. Kg1 Rd8 61. Rxa2 g3 62. Ra7 Rf8 63. Rf7+ Rxf7 64. h8=Q Rf5 65. Kg2 Rg5 66. Qf8+ Rf5 67. Qa3 Ke4 68. Kxg3 Rf4 69. Qc5 Kf5 70. Qe7 Ke4 71. Qc5 Kf5 72. Qd5 Kf6 73. Qd7 Rd4 74. Qc6+ Kf5 75. Kf3 Rd3+ 76. Ke2 e4 77. Qc7 Rf3 78. Qh2 Rd3 79. Qh5+ Kf4 80. Qh6+ Kf5 81. Qh7+ Kf4 82. Qh6+ Kf5 83. Qh7+ Kf4 84. Qc7+ Kf5 85. Qc5+ Kf4 86. Qb6 Ke5 87. Qa7 Kd5 88. Qb8 Rf3 89. Qb5+ Kd4 90. Qb6+ Kd5 91. Qd8+ Ke5 92. Qe7+ Kd5 93. Qb4 Rd3 94. Qb7+ 1/2-1/2

[Event "12th SRB-ch Women 2018"]
[Site "Kragujevac"]
[Date "2018.03.25"]
[Round "9"]
[White "Benderac, Ana"]
[Black "Velikic, Adela"]
[Result "1/2-1/2"]
[ECO "D04"]
[WhiteElo "2226"]
[BlackElo "2293"]
[Annotator "NA"]
[PlyCount "90"]
[EventDate "2018.??.??"]
[EventType "tourn"]
[EventCountry "SRB"]
[SourceTitle "playchess.com"]
[Source "ChessBase"]
[SourceQuality "1"]
[TimeControl "40/5400+30:1800+30"]

1. d4 d5 2. Nf3 Nf6 3. e3 c6 4. c4 e6 {[%emt 0:01:10] LiveBook: 5820 Games} 5. cxd5 {[%emt 0:00:27] D30: Queen's Gambit Declined: Systems without Nc3} (5. Bd3 g6 6. b3 Bg7 7. Ba3 Qa5+ 8. Qd2 Qxd2+ 9. Nbxd2 Bf8 10. Bxf8 Kxf8 11. Ke2 Nbd7 12. Rhc1 Kg7 13. b4 {½-½ (44) Topalov,V (2749)-Nakamura,H (2780) Saint Louis 2017}) 5... exd5 6. Bd3 Bd6 7. O-O Nbd7 8. b3 O-O 9. Ba3 Bxa3 $146 ({Predecessor:} 9... Qe7 10. Bxd6 Qxd6 11. Nc3 Re8 12. Qc2 Nf8 {0-1 (44) Mejsnar,M (1926)-Solovic,R (1838) Slovakia 2017}) 10. Nxa3 Qe7 11. Nb1 Ne4 12. Qc2 Re8 13. Nc3 Ndf6 14. Ne5 Bf5 15. Rac1 Nxc3 16. Qxc3 Bxd3 17. Nxd3 Ne4 18. Qb4 Qxb4 19. Nxb4 a5 20. Nd3 a4 21. Nc5 axb3 22. Nxe4 b2 23. Rb1 $11 Rxe4 24. Rxb2 Re7 25. Rfb1 b5 26. Rc2 Re6 27. Rb4 Kf8 28. a4 Ke7 29. Kf1 Rxa4 30. Rxa4 bxa4 31. Ra2 c5 32. Rxa4 cxd4 33. Rxd4 Kd6 34. Ra4 Re7 35. Ke2 Rb7 36. Ra2 Rc7 37. Kd3 Rb7 38. Ra6+ Ke5 39. f4+ Kf5 40. h3 h5 41. Rd6 Rb3+ 42. Kd4 Rb4+ 43. Kc3 Rb5 44. Kd4 Rb4+ 45. Kc3 Rb5 1/2-1/2

[Event "12th SRB-ch Women 2018"]
[Site "Kragujevac"]
[Date "2018.03.25"]
[Round "9"]
[White "Zarkovic, Mila"]
[Black "Gajcin, Marina"]
[Result "1-0"]
[ECO "B92"]
[WhiteElo "2219"]
[BlackElo "2295"]
[Annotator "NA"]
[PlyCount "121"]
[EventDate "2018.??.??"]
[EventType "tourn"]
[EventCountry "SRB"]
[SourceTitle "playchess.com"]
[Source "ChessBase"]
[SourceQuality "1"]
[TimeControl "40/5400+30:1800+30"]

1. e4 c5 2. Nf3 d6 3. d4 cxd4 4. Nxd4 Nf6 5. Nc3 a6 6. Be2 e5 7. Nb3 Be7 8. O-O O-O 9. Re1 Be6 {[%emt 0:04:04] B92: Sicilian Najdorf: 6 Be2} 10. Bf3 Nbd7 11. a4 Rc8 12. Nd2 Qa5 13. Nf1 b5 {[%emt 0:01:46] LiveBook: 9 Games} 14. Ne3 b4 15. Ncd5 Bxd5 16. exd5 g6 17. Bd2 Ne8 $146 18. c3 bxc3 19. Bxc3 Qb6 20. a5 Qb7 21. Ra4 f5 22. Nc4 Qc7 (22... Nef6 $11) 23. Rb4 Rb8 24. Rxb8 Qxb8 {[%emt 0:00:01] [#]} 25. Qa4 $1 Nef6 26. Qc6 $16 e4 27. Be2 Nc5 28. Nb6 Bd8 29. Bxf6 Bxf6 30. b4 Nd3 31. Bxd3 exd3 32. Rd1 Qe8 33. Qxd6 Bc3 34. Qe6+ Qxe6 35. dxe6 Bxb4 36. Nd5 Bxa5 37. e7 Rc8 38. Nf6+ Kf7 39. e8=Q+ Rxe8 40. Nxe8 Kxe8 41. Rxd3 Bb4 42. Rh3 h5 43. Rd3 a5 44. h4 Ke7 45. Kf1 Bd6 46. Rd5 a4 47. Ra5 a3 48. Ke2 Ke6 49. Ke3 Bb4 50. Ra6+ Kf7 51. g3 Bc5+ 52. Kf4 Bb4 53. Kg5 Be7+ 54. Kh6 Bf8+ 55. Kh7 Bc5 56. f4 Be7 57. Ra7 Kf6 58. Kg8 Bb4 59. Ra6+ Ke7 60. Kg7 Be1 61. Rxa3 1-0

[Event "12th SRB-ch Women 2018"]
[Site "Kragujevac"]
[Date "2018.03.25"]
[Round "9"]
[White "Milosevic, Jovana"]
[Black "Blagojevic, Tijana"]
[Result "1/2-1/2"]
[ECO "D12"]
[WhiteElo "2109"]
[BlackElo "2249"]
[Annotator "NA"]
[PlyCount "153"]
[EventDate "2018.??.??"]
[EventType "tourn"]
[EventCountry "SRB"]
[SourceTitle "playchess.com"]
[Source "ChessBase"]
[SourceQuality "1"]
[TimeControl "40/5400+30:1800+30"]

1. Nf3 d5 2. d4 Nf6 3. c4 c6 4. e3 Bf5 5. Nc3 e6 6. Be2 h6 7. O-O Nbd7 {[%emt 0:00:12] LiveBook: 81 Games} 8. b3 Bd6 9. Bb2 {[%emt 0:00:11] D12: Slav Defence: 3 Nf3 Nf6 4 e3 Bf5} O-O 10. Qc1 (10. Rc1 Qe7 11. h3 Ne4 12. Bd3 Nxc3 13. Bxc3 Bxd3 14. Qxd3 Bb4 15. Bxb4 Qxb4 16. e4 dxe4 17. Qxe4 {1-0 (28) Radjabov,T (2788)-Chadaev,N (2580) Astana 2012}) 10... Qe7 11. a4 a5 $146 ({Find the theoretical novelty and annotate with similar games:} 11... Rac8 12. Ba3 e5 13. dxe5 Nxe5 14. Nxe5 Qxe5 15. Bxd6 Qxd6 16. Qd2 Qb4 {½-½ (56) Schaffarth,P (2165)-Khanukov,B (2340) Bad Bertrich 2003}) 12. Ba3 Rfe8 13. Bxd6 Qxd6 14. Rd1 Rad8 15. Qb2 Bh7 16. Rac1 Ne4 17. Nxe4 Bxe4 18. Ne5 Nb8 19. Bh5 Re7 20. Qd2 f6 21. Ng6 Bxg6 22. Bxg6 Qc7 23. e4 ({White should play} 23. cxd5 $16 exd5 24. b4) 23... dxc4 24. bxc4 Red7 25. d5 Na6 26. Qe3 Nb4 27. Bh5 Qe5 28. Bg4 f5 29. f4 Qf6 30. e5 Qf7 (30... Qf8 $15 31. dxc6 (31. dxe6 Rd3 $19) 31... Nxc6 32. Rxd7 Rxd7) 31. dxc6 (31. dxe6 $14 Qxe6 32. Rxd7 Rxd7 33. Be2) 31... Nxc6 32. Rxd7 Qxd7 33. Rd1 $19 (33. Bf3 $17) 33... Qc7 34. Rxd8+ Nxd8 35. Be2 b6 36. Bf3 Kf8 37. Qd4 Ke7 38. Kf2 Nf7 39. Ke3 g5 40. g3 g4 41. Bg2 Nh8 42. Kd3 Ng6 43. h3 h5 44. hxg4 hxg4 45. Kc3 Nf8 46. Qg1 Nd7 47. Qh1 Nxe5 48. fxe5 Qxe5+ 49. Kc2 Qe2+ 50. Kc3 Qe3+ 51. Kc2 Qf2+ 52. Kd1 Qxg3 53. Bc6 Qd3+ 54. Ke1 Kd6 55. Bb7 Qxc4 56. Qh2+ f4 57. Qh4 Qc1+ 58. Ke2 Qe3+ 59. Kd1 Qd4+ 60. Ke1 Qe5+ 61. Kd2 Qd4+ 62. Kc1 f3 63. Qd8+ Kc5 64. Qe7+ Kc4 65. Ba6+ Kb3 66. Qxe6+ Kxa4 67. Kc2 Kb4 68. Qe1+ Kc5 69. Qe7+ Qd6 70. Qg5+ Kc6 71. Qxg4 Qc5+ 72. Kd2 Qf2+ 73. Kc3 Qe1+ 74. Kc2 Qf2+ 75. Kd1 Kc5 76. Qc4+ Kd6 77. Qf4+ {[%emt 0:00:22] Ke5} 1/2-1/2